Map: Last Remnant

Players

IceMinion

  • Race: Terran Terran
  • Spawn Location: 6:00

Infamous

  • Race: Protoss Protoss
  • League: Silver
  • Spawn Location: 6:00

kermit

  • Race: Protoss Protoss
  • Spawn Location: 9:00

lestat

  • Race: Protoss Protoss
  • Spawn Location: 7:00

sunkae

  • Race: Protoss Protoss
  • League: Silver
  • Spawn Location: 1:00

Joe

  • Race: Zerg Zerg
  • Spawn Location: 12:00

RWDS

  • Race: Zerg Zerg
  • Spawn Location: 12:00

kingcoocs

  • Race: Protoss Protoss
  • Spawn Location: 3:00

VOD

Have the link to the VOD?

Description

Time

  • Played on: April 9, 2018, 12:35 p.m.
  • Length: 8:19
Show
View Real Time Build Order
Export as new Build Order

IceMinion Terran 

Build Orders:  

Get SALT Encoding   

  12  0:38  Command Center  
  12  1:19  SCV  
  13  1:31  SCV  
  14  1:43  SCV  
  15  2:08  Command Center  
  15  2:19  Command Center  
  15  2:30  SCV  
  15  2:31  SCV  
  17  2:42  SCV  
  17  2:44  SCV  
  19  2:54  SCV  
  19  2:56  SCV  
  19  2:58  Supply Depot  
  21  3:06  SCV  
  21  3:08  SCV  
  23  3:18  SCV  
  24  3:20  SCV  
  24  3:24  Barracks  
  25  3:31  Barracks  
  25  3:32  Barracks  
  25  3:54  Barracks  
  26  3:55  SCV  
  26  3:57  SCV  
  26  3:58  Barracks  
  26  4:00  Barracks, SCV  
  26  4:01  Barracks  
  28  4:03  Barracks  
  28  4:06  SCV  
  30  4:20  Orbital Command x4  
  29  4:27  Refinery  
  29  4:32  Refinery x2  
  29  4:37  Refinery  
  29  4:53  SCV  
  29  4:55  SCV  
  31  5:05  SCV  
  32  5:07  SCV  
  32  5:09  Barracks Tech Lab, SCV  
  32  5:11  SCV  
  35  5:17  SCV  
  35  5:19  SCV  
  37  5:21  SCV  
  37  5:23  SCV  
  39  5:29  SCV  
  39  5:32  SCV  
  39  5:33  SCV  
  39  5:35  SCV  
  43  5:38  Barracks Reactor  
  43  5:40  Barracks Reactor  
  43  5:41  SCV, Combat Shields  
  44  5:44  Barracks Reactor x2, SCV  
  44  5:45  SCV  
  44  5:47  SCV  
  44  5:48  Barracks Reactor  
  47  5:52  Barracks Reactor  
  47  5:57  Barracks Reactor, SCV  
  47  5:59  SCV x2  
  47  6:02  SCV  
  51  6:09  Marine  
  52  6:12  SCV  
  52  6:14  SCV  
  54  6:24  SCV  
  55  6:26  Marine x11  
  55  6:27  SCV  
  55  6:28  Marine  
  68  6:39  Supply Depot  
  68  6:40  Supply Depot  
  68  6:41  Supply Depot  
  68  6:42  Supply Depot  
  68  6:43  Supply Depot  
  68  6:44  Supply Depot x2  
  68  6:46  Supply Depot  
  68  6:47  Supply Depot  
  68  6:59  Factory  
  68  7:01  Marine x15, SCV  
  76  7:03  SCV  
  85  7:13  SCV  
  85  7:15  SCV, Concussive Shells  
  77  7:19  Marine x14  
  77  7:20  Marauder  
  90  7:36  Marine x7  
  94  7:37  Marine x7  
  94  7:41  Marauder  
  95  7:54  Marine x7  
  95  7:55  Marine x7  
Show
View Real Time Build Order
Export as new Build Order

Infamous Protoss 

Build Orders:  

Get SALT Encoding   

  12  0:01  Probe  
  13  0:16  Pylon  
  13  0:19  Probe (Chrono Boost)  
  15  0:28  Probe (Chrono Boost)  
  15  0:36  Gateway  
  15  0:40  Probe  
  16  0:52  Assimilator  
  16  0:53  Probe  
  17  1:05  Probe  
  18  1:30  Cybernetics Core  
  18  1:35  Probe  
  19  1:47  Nexus  
  19  1:58  Probe  
  20  2:06  Warp Gate  
  20  2:08  Stalker  
  22  2:19  Pylon  
  22  2:40  Adept  
  24  2:50  Assimilator  
  24  3:07  Gateway  
  21  3:39  Stargate  
  23  4:12  Probe x2  
  23  4:20  Oracle (Chrono Boost)  
  23  4:24  Pylon  
  26  4:33  Probe x2  
  26  4:35  Stargate  
  28  4:38  Assimilator  
  28  4:42  Assimilator  
  28  4:45  Probe (Chrono Boost)  
  30  4:49  Stalker  
  30  4:50  Stalker  
  30  4:51  Probe (Chrono Boost)  
  34  5:12  Pylon  
  34  5:13  Gateway  
  34  5:14  Stalker x2  
  38  5:21  Probe  
  38  5:25  Twilight Council  
  38  5:27  Probe, Forge  
  40  5:33  Probe  
  40  5:35  Pylon  
  41  5:39  Pylon, Probe  
  41  5:42  Oracle  
  45  5:55  Stalker x2  
  49  6:06  Probe x2  
  51  6:34  Photon Cannon  
  51  6:37  Photon Cannon  
  51  6:42  Photon Cannon  
  51  6:45  Shield Battery  
  51  6:46  Zealot  
  53  6:48  Zealot  
  35  7:15  Probe x2  
  34  7:27  Probe  
  34  7:28  Probe  
  31  7:36  Zealot  
  31  7:37  Zealot  
  24  7:50  Probe x2  
Show
View Real Time Build Order
Export as new Build Order

kermit Protoss 

Build Orders:  

Get SALT Encoding   

  12  0:02  Probe  
  13  0:18  Pylon  
  13  0:28  Pylon  
  13  0:36  Assimilator  
  13  0:45  Forge  
  13  1:05  Probe  
  14  1:17  Probe  
  15  1:29  Pylon  
  15  1:39  Pylon  
  15  1:46  Pylon  
  15  2:09  Pylon  
  15  2:17  Pylon  
  15  2:23  Pylon  
  14  2:46  Photon Cannon  
  14  2:48  Assimilator  
  14  3:13  Probe  
  15  3:20  Nexus  
  15  3:26  Probe  
  16  3:38  Probe  
  17  3:42  Pylon  
  17  3:45  Pylon  
  17  3:49  Pylon  
  17  3:54  Assimilator  
  17  3:59  Assimilator  
  17  4:06  Pylon  
  17  4:11  Pylon  
  17  4:20  Pylon  
  17  4:22  Probe  
  18  4:28  Gateway  
  18  4:34  Probe  
  18  4:35  Pylon  
  19  4:39  Pylon  
  19  4:45  Pylon  
  19  4:46  Probe  
  20  4:54  Pylon  
  20  5:03  Probe  
  21  5:15  Probe  
  22  5:28  Probe  
  23  5:38  Cybernetics Core  
  23  5:40  Probe  
  24  5:52  Probe  
  24  5:53  Nexus  
  25  6:04  Probe  
  26  6:16  Probe  
  27  6:21  Photon Cannon  
  27  6:28  Photon Cannon  
  27  6:35  Cybernetics Core  
  27  6:44  Photon Cannon  
  27  6:50  Photon Cannon  
  27  6:56  Photon Cannon  
  19  7:39  Probe  
  20  7:51  Probe  
  21  8:03  Probe  
  22  8:06  Photon Cannon  
  22  8:10  Photon Cannon  
  22  8:14  Photon Cannon  
Show
View Real Time Build Order
Export as new Build Order

lestat Protoss 

Build Orders: Nexus First 

Get SALT Encoding   

  12  0:04  Probe  
  13  0:45  Nexus  
  13  0:47  Probe  
  14  1:14  Nexus  
  14  1:32  Nexus  
  14  1:51  Pylon  
  14  2:12  Gateway  
  14  2:15  Gateway  
  14  2:40  Nexus  
  14  2:47  Probe  
  15  2:59  Probe  
  16  3:15  Zealot  
  16  3:16  Zealot  
  20  3:50  Assimilator  
  20  3:53  Assimilator  
  20  3:57  Probe  
  20  4:00  Assimilator  
  21  4:03  Probe  
  21  4:09  Probe  
  23  4:15  Probe  
  24  4:21  Probe, Assimilator  
  25  4:27  Probe, Assimilator  
  26  4:33  Probe x2  
  28  4:39  Probe  
  29  4:45  Probe  
  29  4:46  Probe  
  29  4:51  Probe  
  32  4:57  Probe  
  32  4:59  Probe  
  34  5:10  Probe  
  35  5:22  Probe, Assimilator  
  35  5:28  Assimilator  
  36  5:33  Pylon  
  36  5:35  Pylon  
  36  5:39  Pylon  
  36  5:48  Pylon  
  36  6:00  Forge  
  36  6:02  Forge  
  36  6:05  Forge  
  26  6:40  Zealot  
  26  6:42  Zealot  
  23  6:57  Probe  
  24  7:07  Zealot  
  26  7:09  Probe, Zealot  
  29  7:21  Probe  
  30  7:33  Probe  
  29  8:14  Cybernetics Core  
Show
View Real Time Build Order
Export as new Build Order

sunkae Protoss 

Build Orders:  

Get SALT Encoding   

  12  0:04  Probe (Chrono Boost)  
  13  0:21  Probe  
  13  0:28  Pylon  
  14  0:30  Pylon  
  14  0:33  Probe  
  15  0:46  Probe  
  16  0:51  Gateway  
  16  0:58  Probe  
  17  1:07  Gateway  
  17  1:11  Probe (Chrono Boost)  
  18  1:20  Probe (Chrono Boost)  
  19  1:30  Probe  
  20  1:42  Probe  
  21  1:55  Probe, Gateway  
  21  1:58  Gateway  
  21  1:59  Forge  
  22  2:05  Cybernetics Core  
  22  2:15  Probe (Chrono Boost)  
  23  2:20  Assimilator  
  23  2:23  Assimilator  
  23  2:24  Probe (Chrono Boost)  
  23  2:27  Zealot x2  
  27  2:38  Pylon  
  27  2:47  Probe  
  27  2:50  Zealot  
  30  2:56  Zealot  
  32  2:59  Probe (Chrono Boost)  
  32  3:01  Zealot  
  32  3:03  Zealot  
  37  3:11  Probe (Chrono Boost)  
  38  3:16  Pylon  
  38  3:34  Zealot, Adept  
  38  3:38  Adept x2  
  46  3:48  Pylon  
  46  3:53  Protoss Shields Level 1 (Chrono Boost)  
  46  4:19  Robotics Facility  
  46  4:21  Robotics Facility  
  46  4:35  Warp Gate  
  46  4:45  Nexus  
  46  4:54  Pylon  
  46  5:01  Probe (Chrono Boost)  
  47  5:11  Probe (Chrono Boost)  
  48  5:16  Probe (Chrono Boost)  
  49  5:24  Photon Cannon  
  49  5:27  Photon Cannon  
  49  5:32  Probe  
  50  5:37  Shield Battery  
  50  5:41  Protoss Ground Armor Level 1  
  50  5:44  Probe, Photon Cannon  
  51  5:56  Photon Cannon  
  52  5:59  Probe (Chrono Boost)  
  52  6:03  Probe (Chrono Boost)  
  54  6:13  Probe x2 (Chrono Boost)  
  54  6:14  Photon Cannon  
  54  6:18  Probe (Chrono Boost)  
  55  6:19  Assimilator  
  55  6:24  Assimilator  
  56  6:32  Immortal  
  60  6:35  Probe x2  
  60  7:11  Immortal  
  60  7:12  Immortal  
  64  7:16  Pylon, Probe (Chrono Boost)  
  64  7:20  Probe (Chrono Boost)  
  62  7:22  Adept  
  62  7:23  Adept  
  62  7:25  Sentry x2  
  62  7:26  Probe (Chrono Boost)  
  62  7:29  Probe (Chrono Boost)  
  62  7:44  Probe (Chrono Boost)  
  64  7:47  Probe (Chrono Boost)  
  64  7:48  Photon Cannon  
  64  7:50  Photon Cannon  
  72  7:53  Probe (Chrono Boost)  
  72  7:57  Probe (Chrono Boost)  
  74  8:05  Photon Cannon  
  74  8:07  Probe, Photon Cannon  
  74  8:08  Photon Cannon  
  74  8:12  Photon Cannon  
Show
View Real Time Build Order
Export as new Build Order

Joe Zerg 

Build Orders: Pool First 

Get SALT Encoding   

  12  0:03  Drone  
  13  0:10  Drone  
  14  0:19  Overlord  
  14  0:37  Spawning Pool  
  14  0:39  Drone  
  14  0:49  Drone x2  
  16  0:55  Extractor  
  15  1:22  Hatchery  
  15  1:24  Drone x2  
  16  1:26  Zergling x2  
  17  1:37  Spine Crawler  
  16  1:41  Zergling x2  
  16  1:46  Extractor  
  16  1:59  Spine Crawler  
  15  2:09  Zergling x2  
  15  2:10  Drone x2  
  18  2:16  Metabolic Boost  
  18  2:33  Queen  
  20  2:44  Zergling x4  
  21  2:47  Drone  
  23  2:56  Drone  
  23  2:57  Drone  
  23  3:24  Zergling x4  
  23  3:25  Zergling x2  
  25  3:30  Lair  
  25  3:33  Queen  
  27  3:36  Drone  
  28  3:43  Overlord  
  28  3:49  Overlord  
  28  3:59  Overlord  
  28  4:02  Zergling x2  
  29  4:16  Zergling x6  
  32  4:25  Drone x3  
  35  4:32  Spine Crawler  
  35  4:33  Spore Crawler  
  33  4:45  Overseer  
  33  4:48  Zergling x8  
  33  4:50  Drone  
  38  4:58  Drone x2  
  38  4:59  Drone  
  41  5:02  Drone  
  41  5:04  Drone  
  43  5:07  Extractor  
  43  5:10  Extractor  
  41  5:17  Zergling x2  
  41  5:18  Zergling x4  
  41  5:19  Zergling x2  
  41  5:21  Zergling x2  
  46  5:31  Spore Crawler  
  45  5:42  Spire  
Show
View Real Time Build Order
Export as new Build Order

RWDS Zerg 

Build Orders: Hatch First 

Get SALT Encoding   

  12  0:01  Drone  
  13  0:08  Drone  
  14  0:17  Overlord  
  14  0:25  Extractor  
  14  0:26  Drone  
  14  0:39  Drone x2  
  16  1:02  Drone  
  16  1:03  Hatchery  
  16  1:07  Drone  
  16  1:10  Drone  
  18  1:16  Drone  
  19  1:31  Drone  
  20  1:38  Spawning Pool  
  19  1:40  Drone  
  20  1:54  Extractor  
  19  1:57  Drone  
  19  1:58  Evolution Chamber  
  19  2:17  Drone  
  19  2:18  Drone x2  
  22  2:25  Lair  
  22  2:33  Zerg Ground Armor Level 1  
  22  2:36  Drone x3  
  25  2:46  Drone x2  
  27  2:53  Drone  
  27  2:55  Overlord  
  28  3:08  Metabolic Boost  
  28  3:12  Overlord x2, Queen  
  30  3:26  Zergling x2  
  31  3:37  Drone x3, Hatchery  
  31  3:39  Drone  
  34  3:50  Hydralisk Den  
  34  3:52  Queen  
  35  3:56  Drone  
  35  3:58  Drone  
  35  4:00  Drone  
  38  4:19  Drone x5  
  43  4:27  Zerg Missile Weapons Level 1  
  43  4:33  Grooved Spines  
  43  4:35  Drone  
  43  4:37  Extractor  
  43  4:39  Drone  
  43  4:40  Drone  
  43  4:41  Extractor  
  44  4:52  Evolution Chamber  
  43  4:55  Drone  
  43  4:56  Drone x2  
  43  4:57  Drone x3  
  49  5:03  Drone  
  49  5:04  Drone x5  
  55  5:14  Drone x3  
  56  5:19  Overlord  
  58  5:29  Overlord  
  58  5:37  Hydralisk x4  
  66  5:44  Muscular Augments  
  66  5:47  Overlord x2  
  66  5:50  Extractor  
  66  5:51  Extractor, Hydralisk  
  66  5:52  Hydralisk x4  
  66  5:57  Zerg Ground Armor Level 2  
  74  6:09  Drone x3  
  74  6:10  Drone x3  
  80  6:11  Drone  
  80  6:12  Drone x4  
  85  6:23  Hydralisk x2  
  85  6:25  Overlord x2  
  89  6:39  Lurker Den  
  88  6:40  Hydralisk  
  88  6:42  Overlord x2  
  90  6:58  Hydralisk  
  90  6:59  Hydralisk x6  
  104  7:02  Hatchery  
  103  7:11  Hydralisk x5  
  113  7:19  Drone x3  
  115  7:30  Hydralisk x4  
  115  7:41  Hydralisk  
  115  7:42  Hydralisk x2  
  107  7:45  Drone  
  107  7:46  Drone  
  107  7:58  Drone x2  
  109  8:06  Hatchery  
  109  8:09  Hatchery  
Show
View Real Time Build Order
Export as new Build Order

kingcoocs Protoss 

Build Orders:  

Get SALT Encoding   

  12  0:02  Probe (Chrono Boost)  
  13  0:11  Probe (Chrono Boost)  
  14  0:16  Probe (Chrono Boost)  
  15  0:44  Pylon  
  15  1:02  Probe (Chrono Boost)  
  16  1:14  Probe (Chrono Boost)  
  16  1:15  Nexus  
  17  1:18  Probe (Chrono Boost)  
  18  1:28  Probe  
  18  1:29  Assimilator  
  19  1:41  Probe  
  20  1:58  Assimilator  
  20  2:12  Gateway  
  20  2:14  Forge  
  20  2:43  Probe (Chrono Boost)  
  21  2:53  Probe (Chrono Boost)  
  21  2:58  Probe (Chrono Boost)  
  23  3:09  Probe x2  
  25  3:21  Probe x2  
  27  3:32  Assimilator  
  27  3:33  Probe  
  28  3:36  Assimilator  
  28  3:55  Nexus  
  28  4:08  Probe  
  29  4:23  Cybernetics Core  
  29  4:32  Probe (Chrono Boost)  
  30  4:44  Probe (Chrono Boost)  
  31  4:48  Pylon  
  31  4:49  Probe (Chrono Boost)  
  31  4:50  Pylon  
  32  4:53  Pylon  
  32  4:59  Probe  
  33  5:05  Protoss Air Weapons Level 1  
  33  5:06  Protoss Shields Level 1  
  33  5:11  Probe  
  33  5:14  Stargate  
  34  5:16  Stargate  
  34  5:19  Stargate  
  34  5:22  Stargate  
  34  5:23  Stargate  
  34  5:33  Assimilator  
  34  5:39  Assimilator  
  34  6:06  Void Ray  
  34  6:07  Void Ray x3  
  50  6:19  Void Ray  
  50  6:23  Probe (Chrono Boost)  
  56  6:33  Probe (Chrono Boost)  
  56  6:38  Probe (Chrono Boost)  
  57  6:49  Void Ray x2  
  57  6:50  Probe  
  66  7:00  Void Ray  
  70  7:02  Probe  
  71  7:10  Void Ray (Chrono Boost)  
  75  7:17  Pylon  
  75  7:22  Pylon  
  75  7:23  Pylon  
  75  7:27  Pylon  
  75  7:41  Void Ray (Chrono Boost)  
  83  8:13  Fleet Beacon  
Tags
 
Add a new tag
Caveats
  • Supply blocks, unpowered buildings, or Contaminate may cause inaccurate times.
  • Supply counts are checked every 10 seconds.